 Dungeon Crawl Stone Soup version 0.31-a0-618-g7ca08c1ff9 (webtiles) character file.

Game seed: 14555987309458913128

245 Dittersdorf the Trooper (level 6, -13/39 HPs)
             Began as a Gargoyle Fighter on Aug 22, 2023.
             Mangled by an ogre
             ... wielding a +0 giant club
              (17 damage)
             ... on level 5 of the Dungeon.
             The game lasted 00:02:12 (1933 turns).

Dittersdorf the Trooper (Gargoyle Fighter)          Turns: 1933, Time: 00:02:13

Health: -13/39     AC: 11    Str: 21    XL:     6   Next: 10%
Magic:  6/6        EV:  9    Int:  9    God:
Gold:   71         SH:  9    Dex:  9    Spells: 5/5 levels left

rFire   . . .        a - +0 flail
rCold   . . .        c - +0 buckler
rNeg    + . .        b - +0 scale mail
rPois   ∞            (no helmet)
rElec   +            (no cloak)
rCorr   .            (no gloves)
SInv    .            (no boots)
Will    .....        i - amulet of reflection Stlth
                     (no ring)
HPRegen 0.26/turn    (no ring)
MPRegen 0.10/turn

%: reflection
@: no status effects
A: sickness immunity, AC +4, negative energy resistance 1, electricity
resistance, torment resistance 1, petrification resistance
a: no special abilities


You were on level 5 of the Dungeon.
You visited 1 branch of the dungeon, and saw 5 of its levels.

You collected 71 gold pieces.

Inventory:

Hand Weapons
 a - a +0 flail (weapon)
Armour
 b - a +0 scale mail (worn)
 c - a +0 buckler (worn)
Jewellery
 i - an amulet of reflection (around neck)
Scrolls
 e - a scroll of fog {unknown}
 f - 3 scrolls of fear {unknown}
 g - a scroll of immolation {unknown}
 h - 6 scrolls of identify {unknown}
 j - 2 scrolls of teleportation {unknown}
 k - a scroll of silence {unknown}
 m - a scroll of vulnerability {unknown}
Potions
 d - a potion of might
 l - a potion of berserk rage {unknown}
 n - a potion of heal wounds {unknown}


   Skills:
 + Level 4.6 Fighting
 + Level 3.4 Maces & Flails
 + Level 4.5 Armour
 + Level 4.6 Shields


You had 5 spell levels left.
You didn't know any spells.
Your spell library contained the following spells:

 Spells                   Type           Power      Damage    Failure   Level
 Ensorcelled Hibernation  Hex/Ice        0%         N/A       89%         2
 Passwall                 Tmut/Erth      0%         N/A       89%         2
 Swiftness                Air            0%         N/A       98%         3
 Alistair's Intoxication  Tmut/Pois      0%         N/A       100%        5
 Borgnjor's Vile Clutch   Necr/Erth      0%         N/A       100%        5
 Eringya's Noxious Bog    Tmut/Pois      0%         4d6       100%        6


Dungeon Overview and Level Annotations

Branches:
Dungeon (6/15)
 Temple: D:4-7

Altars:


Innate Abilities, Weirdness & Mutations

You are immune to sickness and miasma.
Your stone body is resilient. (AC +4)
You are immune to poison.
You resist negative energy. (rN+)
You are resistant to electric shocks. (rElec)
You are resistant to unholy torment.
You are immune to petrification.


Message History

A mysterious force pulls you upwards. The hatch slams shut behind you.
An ogre comes into view. It is wielding a +0 giant club.
You barely miss the ogre. The ogre completely misses you.
You closely miss the ogre. The ogre hits you with a +0 giant club!
You barely miss the ogre. You hit the ogre.
The ogre is lightly wounded.
The ogre hits you with a +0 giant club!!
Ouch! That really hurt!
* * * LOW HITPOINT WARNING * * *
You are too injured to fight recklessly!
You are too injured to fight recklessly!
You are too injured to fight recklessly!
You are too injured to fight recklessly!
You are too injured to fight recklessly!
You are too injured to fight recklessly!
You are too injured to fight recklessly!
You are too injured to fight recklessly!
You are too injured to fight recklessly!
You are too injured to fight recklessly!
You are too injured to fight recklessly!
You are too injured to fight recklessly!
You are too injured to fight recklessly!
You are too injured to fight recklessly!
You are too injured to fight recklessly!
You thump the ogre!
The ogre is moderately wounded.
The ogre barely misses you.
You sock the ogre!
The ogre is heavily wounded.
You block the ogre's attack.
You barely miss the ogre.
The ogre is heavily wounded.
You block the ogre's attack.
You closely miss the ogre.
The ogre is heavily wounded.
You barely miss the ogre.
The ogre is heavily wounded.
The ogre hits you with a +0 giant club!
You die... #.########## #........@.# ##########O# .# .# .# .# .# .#

You could see an ogre.

Vanquished Creatures
  A bullfrog (D:6)
  2 hounds (D:6)
  Terence (D:2)
  Jessica (D:2)
  An iguana (D:6)
  An orc (D:6)
  5 bats
  3 endoplasms
  5 goblins
  A hobgoblin (D:2)
  2 quokkas
  6 ball pythons
  2 frilled lizards (D:2)
  5 kobolds
  5 rats
41 creatures vanquished.

Notes
Turn   | Place    | Note
-------+----------+-------------------------------------------
     0 | D:1      | Dittersdorf the Gargoyle Fighter began the quest for the
                  | Orb.
     0 | D:1      | Reached XP level 1. HP: 14/14 MP: 1/1
   293 | D:1      | Reached XP level 2. HP: 19/19 MP: 2/2
  1071 | D:2      | Reached XP level 3. HP: 22/23 MP: 3/3
  1234 | D:2      | Noticed Jessica
  1237 | D:2      | Killed Jessica
  1307 | D:2      | Noticed Terence
  1319 | D:2      | Killed Terence
  1320 | D:2      | Reached XP level 4. HP: 17/29 MP: 4/4
  1410 | D:2      | Found a faded altar of an unknown god.
  1757 | D:3      | You fall into a shaft and drop 3 floors!
  1783 | D:6      | Reached XP level 5. HP: 31/33 MP: 5/5
  1897 | D:6      | Reached XP level 6. HP: 38/39 MP: 6/6
  1921 | D:5      | Entered Level 5 of the Dungeon
  1933 | D:5      | Mangled by an ogre

Illustrated notes

Levels and vault maps discovered:
D:1:      dpeg_cavernosity, layout_loops_ring
D:2:      layout_basic, shapermc_ecumenical_altar_mp_urbaneastern, uniq_terence,
          uniq_jessica
D:3:      layout_loops_cross, hangedman_glass_garden, minivault_23
D:5:      layout_basic, minmay_ogre_servants, uniq_grinder, uniq_prince_ribbit1
D:6:      layout_loops_ring, st_stairs_7

Skill      XL: |  1  2  3  4 |
---------------+-------------+-----
Fighting       | 4 |  4.6
Armour         | 4 |  4.5
Shields        | 4 |  4.6
Maces & Flails | 3 |  3.4

Action                     |  1- 3 |  4- 6 || total
---------------------------+-------+-------++-------
  Melee: Flail             |   111 |    77 ||   188
 Armour: Scale mail        |    67 |    26 ||    93
  Dodge: Dodged            |    53 |    22 ||    75
  Block: Buckler           |    61 |    30 ||    91
         Reflection        |     2 |       ||     2

Table legend: (Time is in decaauts)
 A = Elapsed time spent in this place.
 B = Non-inter-level travel time spent in this place.
 C = Inter-level travel time spent in this place.
 D = Time resting spent in this place.
 E = Time spent auto-exploring this place.
 F = Levels seen in this place.
 G = Mean time per level.
                   A        B        C        D        E       F      G
               +--------+--------+--------+--------+--------+-----+--------+
         Total |   1989 |   1914 |     75 |     73 |   1420 |   5 |  397.8 |
       Dungeon |   1989 |   1914 |     75 |     73 |   1420 |   5 |  397.8 |
               +--------+--------+--------+--------+--------+-----+--------+

Top non-repeatable levels by time:
     D:1: 987 daAuts
     D:2: 768 daAuts
     D:6: 172 daAuts
     D:3: 47 daAuts
     D:5: 13 daAuts
